 Dungeon Crawl Stone Soup version 0.28-a0-726-g4a9143789a (webtiles) character file.

Game seed: 3618481547907565820

13 lawman0 the Grasshopper (level 2, 0/23 HPs)
             Began as a Barachi Warper on Oct 27, 2021.
             Succumbed to a kobold's poison
             ... on level 1 of the Dungeon.
             The game lasted 00:00:29 (753 turns).

lawman0 the Grasshopper (Barachi Warper)             Turns: 753, Time: 00:00:30

Health: 0/23       AC:  3    Str: 12    XL:     2   Next: 37%
Magic:  5/5        EV: 11    Int: 13    God:
Gold:   45         SH:  0    Dex: 11    Spells: 5/5 levels left

rFire   . . .      SeeInvis .   a - +0 falchion
rCold   . . .      Faith    .   (no shield)
rNeg    . . .      Spirit   .   b - +0 leather armour
rPois   .          Reflect  .   (no helmet)
rElec   .          Harm     .   (no cloak)
rCorr   .          Rampage  .   (no gloves)
Will    .....                   (no boots)
Stlth   +.........              (no amulet)
HPRegen 0.07/turn               (no ring)
MPRegen 0.09/turn               (no ring)

@: brilliant, lethally poisoned (0 -> -4), slow
A: amphibious, slowness 1, strong legs 1, +LOS
a: Hop


You were on level 1 of the Dungeon.
You visited 1 branch of the dungeon, and saw 1 of its levels.

You collected 45 gold pieces.

Inventory:

Hand Weapons
 a - a +0 falchion (weapon)
Missiles
 d - 5 boomerangs of dispersal (quivered)
Armour
 b - a +0 leather armour (worn)
Scrolls
 c - a scroll of blinking
 e - 2 scrolls of identify {unknown}
 g - a scroll of teleportation {unknown}
Potions
 f - a potion of cancellation


   Skills:
 + Level 2.6 Fighting
 * Level 2.7 Long Blades
 + Level 1.1 Throwing
 + Level 1.2 Armour
 + Level 2.2 Dodging
 + Level 2.2 Spellcasting
 * Level 3.7 Translocations


You had 5 spell levels left.
You didn't know any spells.
Your spell library contained the following spells:

 Spells                   Type           Power      Damage    Failure   Level
 Blink                    Tloc           32%        N/A       11%         2
 Gell's Gravitas          Tloc           8%         N/A       21%         3
 Lesser Beckoning         Tloc           16%        N/A       21%         3
 Teleport Other           Tloc           16%        N/A       21%         3
 Manifold Assault         Tloc           16%        N/A       88%         5


Dungeon Overview and Level Annotations

Branches:
Dungeon (1/15)

Altars:


Innate Abilities, Weirdness & Mutations

You are amphibious.
You cover ground slowly.
You can hop short distances.
You have an extended range of vision and can be seen from far away.


Message History

You barely miss the kobold. The kobold hits you but does no damage.
You are poisoned.
You hit the kobold.
The kobold is heavily wounded.
You feel very sick. The kobold closely misses you.
You hit the kobold but do no damage.
The kobold is heavily wounded.
You feel sick.
The kobold hits you with a +2 dagger of venom.
You are more poisoned.
A kobold is nearby!
A kobold is nearby!
You miss the kobold.
The kobold is heavily wounded.
You feel very sick. The kobold hits you but does no damage.
You are lethally poisoned!
The kobold barely misses you.
You hit the kobold.
You kill the kobold!
You feel very sick.
* * * LOW HITPOINT WARNING * * *
You feel very sick.
You see here a +2 dagger of venom.
You are too injured to fight recklessly!
* * * LOW HITPOINT WARNING * * *
You feel sick.
It was a potion of cancellation.
You feel magically purged.
* * * LOW HITPOINT WARNING * * *
You feel sick.
It was a potion of brilliance.
You feel clever all of a sudden.
* * * LOW HITPOINT WARNING * * *
You feel sick.
There is a lethal amount of poison in your body!
There is a lethal amount of poison in your body!
Unknown command.
There is a lethal amount of poison in your body!
You die...

...............#####
#####.###.....## #
##...## ##..# #..# #..#
### #..# ..#####
###..########.#
......####.....)@......#
##......##.##########..#
.##'#....#. .#..###..#
.#...##'## .#...#...#
.#...#...# ≈#≈≈≈#≈≈≈#
≈#≈≈≈#≈≈≈#


There were no monsters in sight!

Vanquished Creatures
  An endoplasm (D:1)
  A goblin (D:1)
  3 kobolds (D:1)
  3 quokkas (D:1)
  A ball python (D:1)
  A bat (D:1)
  A frilled lizard (D:1)
11 creatures vanquished.

Notes
Turn   | Place    | Note
-------+----------+-------------------------------------------
     0 | D:1      | lawman0 the Barachi Warper began the quest for the Orb.
     0 | D:1      | Reached XP level 1. HP: 17/17 MP: 3/3
   426 | D:1      | Reached XP level 2. HP: 21/23 MP: 5/5
   752 | D:1      | HP: 1/23 [poisoned by a kobold]
   753 | D:1      | Succumbed to a kobold's poison

Illustrated notes

Levels and vault maps discovered:
D:1:      dpeg_arrival_water_fire, layout_loops_ring, minmay_crystal_water,
          supply_closet_lemuel

Action                   || total
-------------------------++-------
Melee: Falchion          ||    41
  Use: Potion            ||     2
Armor: Leather armour    ||    14
Dodge: Dodged            ||    47

Table legend: (Time is in decaauts)
 A = Elapsed time spent in this place.
 B = Non-inter-level travel time spent in this place.
 C = Inter-level travel time spent in this place.
 D = Time resting spent in this place.
 E = Time spent auto-exploring this place.
 F = Levels seen in this place.
 G = Mean time per level.
                   A        B        C        D        E       F      G
               +--------+--------+--------+--------+--------+-----+--------+
         Total |    829 |    829 |      0 |     14 |    704 |   1 |  829.0 |
       Dungeon |    829 |    829 |      0 |     14 |    704 |   1 |  829.0 |
               +--------+--------+--------+--------+--------+-----+--------+

Top non-repeatable levels by time:
     D:1: 829 daAuts
